Map: Odyssey LE

Players

ezpz - Winner!

  • Race: Zerg Zerg
  • League: Diamond
  • Spawn Location: 11:00

rafapras

  • Race: Protoss Protoss
  • League: Diamond
  • Spawn Location: 5:00

VOD

Have the link to the VOD?

Description

Time

  • Played on: Dec. 2, 2017, 3:32 p.m.
  • Length: 14:21
Show
View Real Time Build Order
Export as new Build Order

ezpz Zerg - Winner!

Build Orders: Hatch First, Lurkers 

Get SALT Encoding   

  12  0:00  Drone  
  13  0:12  Overlord  
  13  0:18  Drone  
  14  0:31  Drone x2  
  16  0:39  Drone  
  17  0:52  Hatchery  
  17  0:55  Drone  
  17  0:59  Extractor  
  17  1:01  Drone  
  17  1:16  Spawning Pool  
  16  1:19  Drone  
  17  1:27  Drone  
  17  1:31  Drone  
  19  1:40  Drone  
  20  1:53  Drone  
  21  2:04  Zergling x2  
  21  2:05  Queen x2  
  26  2:12  Overlord  
  26  2:17  Metabolic Boost  
  26  2:25  Drone  
  26  2:26  Drone  
  28  2:33  Drone x3  
  31  2:41  Drone  
  32  2:59  Hatchery  
  32  3:00  Overlord  
  32  3:01  Drone  
  34  3:15  Queen  
  34  3:17  Pneumatized Carapace  
  34  3:25  Drone x6  
  40  3:37  Drone  
  41  3:47  Drone x3  
  44  3:52  Lair  
  44  4:13  Spore Crawler  
  44  4:14  Spore Crawler  
  44  4:15  Queen  
  44  4:16  Drone  
  46  4:17  Drone, Overlord x2  
  46  4:22  Drone  
  46  4:23  Drone x3  
  50  4:45  Queen  
  50  4:47  Overlord x3  
  50  4:51  Roach Warren  
  51  4:54  Hydralisk Den, Drone, Spore Crawler  
  51  4:55  Drone x5  
  55  5:05  Spore Crawler  
  53  5:25  Drone  
  53  5:26  Drone x8  
  62  5:28  Burrow  
  62  5:31  Extractor  
  62  5:32  Extractor  
  62  5:34  Extractor  
  59  5:48  Zergling x14  
  66  6:01  Muscular Augments  
  66  6:08  Drone  
  66  6:09  Drone x9  
  76  6:31  Extractor  
  76  6:32  Extractor  
  74  6:42  Overseer  
  74  6:48  Drone x5  
  74  6:50  Overlord x7  
  79  7:10  Evolution Chamber x2  
  79  7:12  Hydralisk x9  
  95  7:25  Hydralisk  
  95  7:26  Hydralisk x4  
  105  7:37  Hydralisk  
  105  7:38  Hydralisk x8  
  123  7:48  Hydralisk x3  
  103  7:59  Hydralisk x3  
  103  8:05  Hydralisk x5  
  92  8:09  Hydralisk  
  94  8:18  Zergling x2  
  94  8:19  Zergling x8  
  86  8:28  Zergling x2  
  86  8:29  Zergling x6  
  81  8:41  Hydralisk  
  81  8:42  Hydralisk x7  
  96  9:08  Hatchery  
  95  9:18  Zerg Missile Weapons Level 1  
  95  9:19  Zerg Ground Armor Level 1  
  95  9:31  Hydralisk x5  
  95  9:32  Zergling x2  
  95  9:33  Zergling x18  
  111  9:54  Hydralisk  
  111  9:55  Hydralisk x3  
  111  9:57  Overlord  
  119  10:01  Hatchery  
  118  10:12  Hydralisk  
  118  10:13  Hydralisk  
  109  10:28  Hydralisk  
  96  10:37  Hydralisk x5  
  96  10:38  Hydralisk x3  
  104  10:48  Hydralisk  
  104  10:49  Hydralisk  
  108  10:50  Zergling x2  
  108  10:51  Zergling x4  
  110  11:02  Hydralisk x2  
  110  11:03  Hydralisk  
  116  11:25  Hydralisk  
  101  11:26  Zergling x2  
  101  11:27  Zergling x18  
  105  11:33  Drone x2  
  107  11:41  Queen  
  107  11:42  Drone x3  
  112  11:54  Lurker Den  
  111  11:56  Drone x6  
  117  12:12  Hatchery  
  116  12:43  Overlord x3, Extractor  
  115  13:07  Drone x6  
  115  13:08  Drone x2  
  115  13:10  Overlord x3  
  120  13:24  Lurker x2  
  120  13:25  Lurker x6  
  120  13:26  Hydralisk, Lurker  
  129  13:27  Hydralisk x5  
  141  13:37  Extractor  
  141  13:40  Spore Crawler  
Show
View Real Time Build Order
Export as new Build Order

rafapras Protoss 

Build Orders:  

Get SALT Encoding   

  12  0:02  Probe  
  13  0:14  Probe  
  14  0:23  Pylon  
  14  0:27  Probe  
  15  0:41  Probe (Chrono Boost)  
  17  0:53  Probe (Chrono Boost)  
  17  0:55  Probe  
  18  1:07  Nexus  
  18  1:24  Gateway  
  18  1:28  Forge  
  18  1:34  Assimilator  
  18  1:40  Probe (Chrono Boost), Assimilator  
  19  1:52  Probe (Chrono Boost)  
  20  1:58  Probe (Chrono Boost)  
  21  2:04  Gateway  
  21  2:06  Probe  
  22  2:15  Cybernetics Core  
  22  2:18  Probe  
  23  2:29  Photon Cannon  
  23  2:31  Probe  
  24  2:40  Zealot  
  24  2:41  Probe  
  27  2:45  Probe  
  28  2:52  Warp Gate  
  28  2:54  Probe (Chrono Boost)  
  28  2:57  Probe (Chrono Boost)  
  30  3:09  Probe (Chrono Boost)  
  32  3:15  Probe x2 (Chrono Boost)  
  32  3:17  Stargate  
  32  3:18  Probe (Chrono Boost)  
  34  3:24  Pylon  
  35  3:30  Probe x2 (Chrono Boost)  
  36  3:41  Probe (Chrono Boost), Stalker  
  38  3:44  Probe x3 (Chrono Boost)  
  38  3:46  Pylon  
  42  3:51  Probe  
  42  3:52  Assimilator  
  43  3:56  Probe, Assimilator  
  44  4:03  Probe  
  44  4:08  Probe  
  49  4:11  Pylon, Oracle (Chrono Boost)  
  49  4:15  Probe  
  50  4:20  Probe  
  51  4:28  Probe  
  52  4:32  Probe  
  56  4:40  Probe, Oracle  
  56  4:44  Probe, Twilight Council  
  58  4:46  Gateway  
  58  4:48  Gateway, Protoss Ground Weapons Level 1  
  58  4:50  Gateway  
  58  4:52  Probe  
  59  4:55  Twilight Council  
  59  5:08  Probe  
  60  5:24  Probe  
  60  5:26  Probe  
  62  5:33  Pylon x2, Charge  
  62  5:35  Pylon  
  62  5:48  Gateway  
  62  5:53  Gateway, Pylon  
  62  5:54  Gateway, Pylon, Stalker  
  62  5:55  Stalker  
  62  5:56  Pylon  
  69  5:58  Oracle (Chrono Boost), Stalker  
  69  6:00  Stalker  
  73  6:21  Sentry x2  
  73  6:22  Sentry  
  73  6:23  Zealot  
  81  6:27  Zealot  
  86  6:36  Oracle (Chrono Boost)  
  86  6:37  Gateway  
  86  6:38  Gateway  
  86  6:47  Stalker x3  
  86  6:48  Protoss Ground Weapons Level 2 (Chrono Boost)  
  86  6:51  Sentry  
  86  6:52  Sentry  
  86  6:53  Sentry  
  98  7:11  Zealot x4  
  98  7:12  Zealot  
  108  7:17  Pylon  
  108  7:32  Pylon  
  108  7:34  Pylon  
  108  7:35  Pylon, Zealot x3  
  108  7:36  Zealot x2  
  94  8:01  Zealot x3  
  94  8:02  Zealot x5  
  82  8:24  Zealot x4  
  82  8:25  Zealot x4  
  74  8:48  Zealot  
  74  8:49  Zealot x5  
  74  8:50  Sentry  
  74  8:51  Sentry  
  74  8:55  Protoss Ground Weapons Level 3 (Chrono Boost)  
  90  9:09  Sentry x4, Nexus  
  98  9:10  Sentry x2  
  98  9:14  Sentry x2  
  106  9:35  Zealot x3  
  104  9:43  Stalker x4  
  104  9:44  Stalker  
  112  9:58  Probe  
  111  10:14  Stalker x5  
  113  10:15  Stalker  
  83  10:37  Stalker x4  
  83  10:38  Stalker  
  83  10:42  Probe x2  
  95  10:43  Probe  
  96  11:03  Probe  
  96  11:04  Probe  
  98  11:05  Probe  
  102  11:17  Assimilator  
  102  11:18  Oracle  
  102  11:21  Assimilator  
  64  11:36  Zealot  
  64  11:37  Zealot x3  
  64  11:38  Zealot  
  64  11:39  Zealot  
  74  11:40  Zealot x4  
  74  11:46  Templar Archives  
  82  11:50  Pylon  
  81  12:05  Sentry x4  
  88  12:25  High Templar x3  
  88  12:26  High Templar, Nexus  
  96  12:31  Archon  
  96  12:32  Archon  
  96  12:37  Pylon  
  96  12:45  Assimilator  
  96  12:48  Assimilator  
  96  12:53  Psionic Storm  
  96  12:57  High Templar x3  
  102  12:58  Zealot  
  102  13:00  Zealot  
  106  13:19  High Templar  
  108  13:20  Zealot x3  
  114  13:38  Robotics Facility  
  114  13:55  High Templar x2  
  118  13:57  Nexus  
  118  14:01  Archon  
  118  14:02  Zealot  
  118  14:03  Zealot x2  
  124  14:13  Archon  
Tags
 
Composition
Lurkers
Matchup
PvZ
Spawn Locations
Cross Positions
Add a new tag
Caveats
  • Supply blocks, unpowered buildings, or Contaminate may cause inaccurate times.
  • Supply counts are checked every 10 seconds.